[ AOE2 MATCH · #493713432 ]
UnrankedBurgundians vs Vietnamese
[ REPLAY ANALYSIS · EXTRACTED FROM THE RECORDED GAME ]
Feudal
9:47
Castle
20:48
Imperial
39:37
| APM avg | 135.4 |
| APM peak | 203 |
| eAPM avg | 92.7 |
| Villagers / military | 275 / 1030 |
Focus
⚔️ 80.7% · 🌾 19.3%
Scout Cavalry ×578 · Skirmisher ×212 · Hand Cannoneer ×112 · Knight ×57 · Coustillier ×20 · Bombard Cannon ×20
Feudal
8:58
Castle
20:26
Imperial
39:47
| APM avg | 106.8 |
| APM peak | 180 |
| eAPM avg | 74.9 |
| Villagers / military | 353 / 1564 |
Focus
⚔️ 73.6% · 🌾 26.4%
Spearman ×631 · Skirmisher ×378 · Fire Lancer ×236 · Scout Cavalry ×217 · Militia ×42 · Battering Ram ×12
Match map
Initial resources + every placement click. Lines = walls · curves = elevation contours. ◆ gold · ⬟ stone · ● berries · ✦ relic · ◌ wall gap
Your base· Open — 5t gap
wR.Sebastian's base· Open — unwalled flank
Smoothed initial terrain · ◌ = detected wall gap · hover for details
Inputs per minute
— VIT | Hera - - wR.Sebastian
Build order — VIT | Hera
First 150 of 1015 actions detected
| 0:00 | Create | Villager (Male) |
| 0:00 | Create | Villager (Male) |
| 0:01 | Build | House |
| 0:02 | Build | House |
| 0:13 | Create | Villager (Male) |
| 0:13 | Create | Villager (Male) |
| 1:23 | Create | Villager (Male) |
| 1:58 | Create | Villager (Male) |
| 2:27 | Build | Lumber Camp |
| 2:29 | Create | Villager (Male) |
| 2:29 | Create | Villager (Male) |
| 2:50 | Create | Villager (Male) |
| 3:21 | Build | House |
| 3:39 | Research | Double-Bit Axe |
| 3:40 | Create | Villager (Male) |
| 4:01 | Create | Villager (Male) |
| 4:18 | Create | Villager (Male) |
| 4:55 | Build | Mill |
| 4:58 | Create | Villager (Male) |
| 4:58 | Create | Villager (Male) |
| 5:02 | Create | Villager (Male) |
| 5:02 | Create | Villager (Male) |
| 6:13 | Build | House |
| 6:15 | Create | Villager (Male) |
| 6:44 | Create | Villager (Male) |
| 6:46 | Research | Loom |
| 7:24 | Build | Palisade Gate |
| 7:37 | Research | Feudal Age |
| 7:46 | Build | Barracks |
| 7:50 | Build | House |
| 7:52 | Build | Palisade Wall |
| 8:47 | Build | Mining Camp |
| 9:26 | Create | Villager (Male) |
| 9:47 | Age | Feudal Age |
| 9:49 | Create | Villager (Male) |
| 9:55 | Build | Archery Range |
| 9:57 | Research | Bow Saw |
| 9:57 | Research | Bow Saw |
| 10:03 | Create | Flemish Militia |
| 10:03 | Create | Flemish Militia |
| 10:30 | Create | Villager (Male) |
| 10:48 | Build | House |
| 10:55 | Create | Villager (Male) |
| 10:57 | Create | Skirmisher |
| 10:59 | Build | Farm |
| 11:01 | Research | Horse Collar |
| 11:01 | Research | Horse Collar |
| 11:06 | Build | Palisade Wall |
| 11:15 | Create | Flemish Militia |
| 11:16 | Create | Skirmisher |
| 11:17 | Create | Villager (Male) |
| 11:22 | Create | Villager (Male) |
| 11:25 | Build | Palisade Wall |
| 11:27 | Create | Villager (Male) |
| 11:37 | Create | Villager (Male) |
| 11:44 | Build | House |
| 11:47 | Build | House |
| 11:51 | Build | Farm |
| 11:53 | Build | Farm |
| 11:59 | Build | Palisade Wall |
| 12:03 | Build | House |
| 12:08 | Create | Skirmisher |
| 12:14 | Create | Flemish Militia |
| 12:24 | Build | Farm |
| 12:26 | Build | Farm |
| 12:32 | Create | Villager (Male) |
| 12:40 | Create | Villager (Male) |
| 12:42 | Build | Farm |
| 12:44 | Create | Skirmisher |
| 13:00 | Create | Villager (Male) |
| 13:00 | Create | Villager (Male) |
| 13:26 | Build | Blacksmith |
| 13:29 | Build | Farm |
| 13:34 | Create | Skirmisher |
| 13:36 | Build | Farm |
| 13:51 | Build | Farm |
| 13:58 | Create | Villager (Male) |
| 14:00 | Create | Skirmisher |
| 14:03 | Build | Farm |
| 14:10 | Research | Fletching |
| 14:14 | Build | Farm |
| 14:18 | Create | Skirmisher |
| 14:29 | Build | Farm |
| 14:38 | Build | House |
| 14:38 | Build | House |
| 14:45 | Create | Villager (Male) |
| 14:54 | Build | Farm |
| 15:08 | Build | Farm |
| 15:12 | Build | Farm |
| 15:27 | Build | Farm |
| 15:29 | Build | House |
| 15:34 | Create | Villager (Male) |
| 15:42 | Build | Farm |
| 15:50 | Build | Farm |
| 16:00 | Research | Wheelbarrow |
| 16:07 | Build | Farm |
| 16:36 | Build | Lumber Camp |
| 16:59 | Create | Villager (Male) |
| 17:30 | Build | Farm |
| 17:37 | Create | Villager (Male) |
| 17:56 | Research | Castle Age |
| 18:15 | Research | Gold Mining |
| 18:36 | Create | Skirmisher |
| 19:00 | Create | Skirmisher |
| 19:05 | Build | Stable |
| 19:07 | Build | Stable |
| 19:13 | Create | Skirmisher |
| 19:19 | Research | Scale Barding Armor |
| 19:26 | Create | Skirmisher |
| 19:35 | Build | Mining Camp |
| 19:38 | Research | Gold Shaft Mining |
| 19:38 | Research | Gold Shaft Mining |
| 19:41 | Build | Farm |
| 19:43 | Build | Farm |
| 19:49 | Create | Skirmisher |
| 20:07 | Build | Farm |
| 20:48 | Age | Castle Age |
| 20:53 | Research | Elite Skirmisher (upgrade) |
| 20:53 | Research | Elite Skirmisher (upgrade) |
| 20:54 | Research | Bodkin Arrow |
| 20:54 | Research | Bodkin Arrow |
| 20:54 | Create | Villager (Male) |
| 20:57 | Research | Cavalier (upgrade) |
| 20:57 | Research | Husbandry |
| 21:01 | Research | Heavy Plow |
| 21:01 | Research | Heavy Plow |
| 21:13 | Build | House |
| 21:13 | Build | House |
| 21:20 | Create | Villager (Male) |
| 21:34 | Research | Chain Barding Armor |
| 21:38 | Create | Villager (Male) |
| 21:58 | Build | Market |
| 22:03 | Create | Villager (Male) |
| 22:03 | Create | Villager (Male) |
| 22:03 | Create | Villager (Male) |
| 22:10 | Build | House |
| 22:10 | Build | House |
| 22:19 | Create | Knight |
| 22:27 | Create | Knight |
| 22:31 | Build | Monastery |
| 22:34 | Create | Skirmisher |
| 22:38 | Create | Skirmisher |
| 22:39 | Create | Villager (Male) |
| 22:56 | Create | Knight |
| 22:59 | Create | Villager (Male) |
| 23:02 | Create | Knight |
| 23:03 | Create | Knight |
| 23:17 | Create | Monk |
| 23:26 | Create | Knight |
| 23:28 | Create | Villager (Male) |
Build order — wR.Sebastian
First 150 of 1750 actions detected
| 0:00 | Create | Villager (Male) |
| 0:01 | Build | House |
| 0:02 | Build | House |
| 0:10 | Create | Villager (Male) |
| 0:15 | Create | Villager (Male) |
| 0:21 | Create | Villager (Male) |
| 1:23 | Create | Villager (Male) |
| 1:43 | Build | Lumber Camp |
| 1:58 | Create | Villager (Male) |
| 2:19 | Create | Villager (Male) |
| 2:56 | Build | Palisade Wall |
| 2:57 | Build | Palisade Wall |
| 3:03 | Create | Villager (Male) |
| 3:14 | Create | Villager (Male) |
| 3:32 | Create | Villager (Male) |
| 3:32 | Create | Villager (Male) |
| 3:41 | Build | House |
| 4:00 | Create | Villager (Male) |
| 4:02 | Create | Villager (Male) |
| 5:08 | Create | Villager (Male) |
| 5:25 | Create | Villager (Male) |
| 5:31 | Build | Mill |
| 6:01 | Research | Loom |
| 6:44 | Research | Feudal Age |
| 7:19 | Create | Villager (Male) |
| 7:33 | Create | Villager (Male) |
| 8:41 | Create | Villager (Male) |
| 8:58 | Age | Feudal Age |
| 9:01 | Create | Villager (Male) |
| 9:02 | Research | Double-Bit Axe |
| 9:03 | Research | Horse Collar |
| 9:04 | Build | Farm |
| 9:11 | Build | House |
| 9:29 | Build | Farm |
| 9:33 | Create | Villager (Male) |
| 9:39 | Build | House |
| 9:53 | Build | Palisade Wall |
| 9:54 | Create | Villager (Male) |
| 9:58 | Build | Barracks |
| 10:13 | Create | Villager (Male) |
| 10:16 | Build | Palisade Wall |
| 10:20 | Build | Farm |
| 10:20 | Build | Farm |
| 10:23 | Build | Farm |
| 10:29 | Create | Villager (Male) |
| 10:32 | Build | Farm |
| 10:41 | Build | Palisade Wall |
| 10:43 | Build | Palisade Wall |
| 10:43 | Build | Palisade Wall |
| 10:45 | Build | Palisade Wall |
| 10:49 | Build | Farm |
| 11:33 | Create | Villager (Male) |
| 11:46 | Build | Archery Range |
| 11:57 | Build | Palisade Wall |
| 11:58 | Build | Palisade Wall |
| 12:00 | Create | Villager (Male) |
| 12:07 | Build | House |
| 12:20 | Create | Villager (Male) |
| 12:28 | Build | Farm |
| 12:34 | Create | Skirmisher |
| 12:50 | Create | Skirmisher |
| 12:55 | Build | Farm |
| 12:57 | Create | Villager (Male) |
| 13:09 | Create | Skirmisher |
| 13:15 | Create | Skirmisher |
| 13:29 | Build | House |
| 13:37 | Build | Farm |
| 13:37 | Research | Wheelbarrow |
| 13:41 | Create | Skirmisher |
| 13:59 | Build | Farm |
| 14:00 | Build | Farm |
| 14:04 | Create | Skirmisher |
| 14:10 | Create | Skirmisher |
| 14:32 | Create | Skirmisher |
| 14:35 | Create | Villager (Male) |
| 14:48 | Build | Blacksmith |
| 14:54 | Build | House |
| 14:57 | Create | Skirmisher |
| 15:04 | Create | Villager (Male) |
| 15:12 | Create | Skirmisher |
| 15:26 | Create | Skirmisher |
| 15:28 | Build | House |
| 15:32 | Create | Villager (Male) |
| 15:32 | Research | Fletching |
| 15:41 | Build | Mining Camp |
| 15:58 | Create | Villager (Male) |
| 16:00 | Build | Farm |
| 16:07 | Create | Skirmisher |
| 16:12 | Create | Skirmisher |
| 16:24 | Create | Villager (Male) |
| 16:25 | Build | Farm |
| 16:41 | Create | Villager (Male) |
| 16:52 | Build | Farm |
| 17:06 | Create | Villager (Male) |
| 17:18 | Build | Lumber Camp |
| 17:26 | Build | Palisade Wall |
| 17:46 | Research | Castle Age |
| 17:50 | Create | Skirmisher |
| 17:56 | Create | Villager (Male) |
| 18:07 | Create | Skirmisher |
| 18:20 | Create | Skirmisher |
| 18:34 | Create | Villager (Male) |
| 18:36 | Build | House |
| 18:42 | Create | Skirmisher |
| 19:01 | Create | Villager (Male) |
| 19:03 | Build | House |
| 19:06 | Build | House |
| 19:18 | Research | Gold Mining |
| 19:18 | Research | Gold Mining |
| 19:46 | Create | Villager (Male) |
| 20:04 | Create | Skirmisher |
| 20:22 | Create | Villager (Male) |
| 20:26 | Age | Castle Age |
| 20:27 | Research | Bow Saw |
| 20:29 | Build | Town Center |
| 20:29 | Create | Villager (Male) |
| 20:30 | Build | Town Center |
| 20:34 | Research | Bodkin Arrow |
| 20:34 | Research | Elite Skirmisher (upgrade) |
| 20:43 | Build | Monastery |
| 20:48 | Research | Heavy Plow |
| 20:52 | Create | Villager (Male) |
| 20:56 | Research | Elite Skirmisher (upgrade) |
| 21:00 | Create | Villager (Male) |
| 21:14 | Create | Villager (Male) |
| 21:17 | Build | House |
| 21:24 | Create | Villager (Male) |
| 21:28 | Create | Monk |
| 21:30 | Create | Villager (Male) |
| 21:38 | Create | Villager (Male) |
| 21:40 | Build | Farm |
| 21:41 | Build | Farm |
| 21:44 | Create | Villager (Male) |
| 22:00 | Create | Skirmisher |
| 22:04 | Research | Hand Cart |
| 22:04 | Research | Hand Cart |
| 22:04 | Create | Villager (Male) |
| 22:09 | Build | Farm |
| 22:12 | Build | Farm |
| 22:12 | Build | Farm |
| 22:13 | Create | Monk |
| 22:14 | Create | Villager (Male) |
| 22:17 | Build | Farm |
| 22:18 | Build | Farm |
| 22:23 | Create | Monk |
| 22:26 | Create | Villager (Male) |
| 22:26 | Create | Villager (Male) |
| 22:30 | Build | Farm |
| 22:50 | Build | Farm |
| 22:52 | Create | Villager (Male) |
Match timeline
| 2:56 | wR.Sebastian · wall_segment Palisade Wall x1 |
| 2:57 | wR.Sebastian · wall_segment Palisade Wall x1 |
| 7:46 | VIT | Hera · first_building Barracks |
| 7:52 | VIT | Hera · wall_segment Palisade Wall x4 |
| 8:58 | wR.Sebastian · age_up feudal |
| 9:47 | VIT | Hera · age_up feudal |
| 9:53 | wR.Sebastian · wall_segment Palisade Wall x4 |
| 9:55 | VIT | Hera · first_building Archery Range |
| 9:58 | wR.Sebastian · first_building Barracks |
| 10:16 | wR.Sebastian · wall_segment Palisade Wall x1 |
| 10:41 | wR.Sebastian · wall_segment Palisade Wall x5 |
| 10:43 | wR.Sebastian · wall_segment Palisade Wall x1 |
| 10:43 | wR.Sebastian · wall_segment Palisade Wall x1 |
| 10:45 | wR.Sebastian · wall_segment Palisade Wall x7 |
| 11:06 | VIT | Hera · wall_segment Palisade Wall x15 |
| 11:25 | VIT | Hera · wall_segment Palisade Wall x16 |
| 11:46 | wR.Sebastian · first_building Archery Range |
| 11:57 | wR.Sebastian · wall_segment Palisade Wall x1 |
| 11:58 | wR.Sebastian · wall_segment Palisade Wall x2 |
| 11:59 | VIT | Hera · wall_segment Palisade Wall x3 |
| 17:26 | wR.Sebastian · wall_segment Palisade Wall x1 |
| 19:05 | VIT | Hera · first_building Stable |
| 20:26 | wR.Sebastian · age_up castle |
| 20:43 | wR.Sebastian · first_building Monastery |
| 20:48 | VIT | Hera · age_up castle |
| 22:31 | VIT | Hera · first_building Monastery |
| 23:16 | VIT | Hera · first_market_sell 100 stone |
| 26:48 | wR.Sebastian · wall_segment Stone Wall x3 |
| 26:51 | wR.Sebastian · wall_segment Palisade Wall x1 |
| 30:40 | wR.Sebastian · wall_segment Palisade Wall x1 |
| 30:42 | wR.Sebastian · wall_segment Palisade Wall x1 |
| 30:43 | wR.Sebastian · wall_segment Palisade Wall x1 |
| 31:20 | VIT | Hera · first_market_buy 100 stone |
| 33:15 | wR.Sebastian · first_market_sell 100 food |
| 34:35 | VIT | Hera · first_building Castle |
| 34:47 | wR.Sebastian · first_building Castle |
| 36:07 | wR.Sebastian · wall_segment Stone Wall x2 |
| 36:09 | wR.Sebastian · wall_segment Stone Wall x1 |
| 37:19 | wR.Sebastian · wall_segment Stone Wall x1 |
| 37:21 | wR.Sebastian · wall_segment Stone Wall x1 |
| 38:23 | wR.Sebastian · wall_segment Stone Wall x2 |
| 38:24 | wR.Sebastian · wall_segment Palisade Wall x1 |
| 39:37 | VIT | Hera · age_up imperial |
| 39:47 | wR.Sebastian · age_up imperial |
| 45:12 | VIT | Hera · first_building Siege Workshop |
| 46:07 | wR.Sebastian · first_market_buy 100 wood |
| 48:02 | wR.Sebastian · first_building Siege Workshop |
| 72:28 | VIT | Hera · wall_segment Stone Wall x11 |
| 72:30 | VIT | Hera · wall_segment Stone Wall x7 |
| 74:57 | VIT | Hera · wall_segment Stone Wall x8 |
| 75:00 | VIT | Hera · wall_segment Stone Wall x8 |
| 75:15 | VIT | Hera · wall_segment Stone Wall x1 |
| 76:51 | wR.Sebastian · first_building Stable |
| 77:28 | VIT | Hera · wall_segment Palisade Wall x1 |
| 88:00 | VIT | Hera · wall_segment Palisade Wall x1 |
| 88:23 | VIT | Hera · wall_segment Palisade Wall x1 |
| 88:52 | VIT | Hera · wall_segment Stone Wall x1 |
| 91:31 | wR.Sebastian · resign |
[ AI ANALYSIS · 1 CREDIT ]
What really happened in this match?
Wolo.gg analyzes every decision: build order, eco, micro, common mistakes by bracket. Personalized analysis on WhatsApp or Discord in 30 seconds.
Civ guide
Burgundians
Perfil
Jugador #199325